 Dungeon Crawl Stone Soup version 0.29.1-4-g47bece8355 (webtiles) character file.

Game seed: 11278881554078337401

936 MacCMillion the Cleaver (level 8, -8/68 HPs)
             Began as a Hill Orc Fighter on Dec 5, 2022.
             Was an Initiate of Makhleb.
             Killed by vampiric draining
             ... invoked by a vampire
              (20 damage)
             ... on level 4 of the Dungeon.
             The game lasted 00:10:04 (4864 turns).

MacCMillion the Cleaver (Hill Orc Fighter)          Turns: 4864, Time: 00:10:04

Health: -8/68      AC: 15    Str: 21    XL:     8   Next: 12%
Magic:  8/8        EV:  6    Int:  8    God:    Makhleb [......]
Gold:   258        SH:  5    Dex: 10    Spells: 7/7 levels left

rFire   . . .      SeeInvis .   a - +0 war axe
rCold   . . .      Faith    .   c - +0 buckler
rNeg    . . .      Spirit   .   s - +0 plate armour
rPois   .          Reflect  .   (no helmet)
rElec   .          Harm     .   (no cloak)
rCorr   .          Rampage  .   (no gloves)
Will    .....                   m - +2 pair of boots
Stlth   ..........              (no amulet)
HPRegen 0.21/turn               (no ring)
MPRegen 0.11/turn               (no ring)

@: mighty
A: no striking features
a: Renounce Religion


You were on level 4 of the Dungeon.
You worshipped Makhleb.
Makhleb was noncommittal.
You visited 2 branches of the dungeon, and saw 6 of its levels.

You collected 258 gold pieces.

Inventory:

Hand Weapons
 a - a +0 war axe (weapon)
Missiles
 n - 3 curare-tipped darts
 p - 3 atropa-tipped darts
 v - 5 boomerangs (quivered)
 y - 3 poisoned darts
Armour
 c - a +0 buckler (worn)
 l - a +0 chain mail
 m - a +2 pair of boots (worn)
 o - a scarf of repulsion
 s - a +0 plate armour (worn)
Jewellery
 q - the ring "Lautin" {rF+ rC+++ Will- rCorr Int+6}
   (You found it on level 3 of the Dungeon)

   [ring of protection from fire]

   Int:       It affects your intelligence (+6).
   rF:        It protects you from fire.
   rC:        It renders you almost immune to cold.
   rCorr:     It protects you from acid and corrosion.
   Will:      It decreases your willpower.
 r - an amulet of magic regeneration
Wands
 z - a wand of digging (9)
Scrolls
 e - a scroll of blinking
 f - a scroll of immolation
 h - a scroll of silence {unknown}
 k - a scroll of butterflies {unknown}
 t - a scroll of teleportation {unknown}
 u - a scroll of enchant armour {unknown}
Potions
 b - a potion of resistance
 d - a potion of lignification
 g - 4 potions of heal wounds
 i - 2 potions of curing
 x - a potion of magic


   Skills:
 - Level 5.0 Fighting
 + Level 9.7 Axes
 + Level 4.9 Armour
 - Level 5.0 Shields


You had 7 spell levels left.
You didn't know any spells.
Your spell library contained the following spells:

 Spells                   Type           Power      Damage    Failure   Level
 Foxfire                  Conj/Fire      0%         2x1d4     100%        1
 Summon Small Mammal      Summ           0%         N/A       100%        1
 Call Canine Familiar     Summ           0%         N/A       100%        3
 Conjure Flame            Conj/Fire      0%         6-21      100%        3
 Inner Flame              Hex/Fire       0%         N/A       100%        3
 Summon Guardian Golem    Hex/Summ       0%         N/A       100%        3
 Flame Wave               Conj/Fire      0%         2d4       100%        4
 Dispersal                Tloc           0%         N/A       100%        6
 Disjunction              Tloc           0%         N/A       100%        8


Dungeon Overview and Level Annotations

Branches:
Dungeon (5/15)             Temple (1/1) D:5

Altars:
Ashenzari
Cheibriados
Elyvilon
Fedhas
Hepliaklqana
Kikubaaqudgha
Makhleb
Nemelex Xobeh
Okawaru
Qazlal
Ru
Sif Muna
Trog
Uskayaw
Vehumet
Wu Jian
Xom
Yredelemnul
Zin
The Shining One

Shops:
D:2 [

Annotations:
D:5 1 runed translucent door, ChadusMaximus's ghost, amateur DESu


Message History

The vampire hits you but does no damage.
The vampire bites you.
The vampire draws strength from your injuries!
Unknown command.
You slash the vampire!
The vampire is moderately damaged.
You barely miss the iguana.
The iguana bites you but does no damage.
The vampire gestures wildly while chanting.
The vampire flickers and vanishes!
Deactivating autopickup; reactivate with Ctrl-A.
You miss something. You slash the iguana! The iguana bites you!
The gnoll sergeant hits you from afar with a +5 trident of freezing.
The gnoll sergeant freezes you. Something hits you but does no damage.
Something bites you but does no damage.
Unknown command.
The iguana bites you! You block the gnoll sergeant's attack.
Something hits you! Something bites you but does no damage.
You climb upwards.
Reactivating autopickup.
There is a stone staircase leading down here.
You slash the iguana!
You kill the iguana!
Makhleb accepts your kill.
You hit something but do no damage. You block something's attack.
Deactivating autopickup; reactivate with Ctrl-A.
Something bites you but does no damage.
A javelin appears from out of thin air!
The javelin pierces through you!
* * * LOW HITPOINT WARNING * * *
You see here a +0 club.
Something hits you but does no damage. Something completely misses you.
You barely miss something. Something hits you but does no damage.
Something bites you but does no damage.
You slash something! Something hits you!
* * * LOW HITPOINT WARNING * * *
You block something's attack.
You closely miss something. Something hits you but does no damage.
Something bites you but does no damage.
You closely miss something. Something draws life force from you!!
You die...

#..##...###.###...######
#...#####.....#####.....
#.........###...........
#.........# ##..####..).
#.........# #.<## #....
#.........###.## #.#..
#######.....)..# #.#..
#)†......#####.#..
#@>.......#....#..
#...........####..
######.###...........
##...........#########
##.............##
#...............#
#...............#
#...............#
#...............#


There were no monsters in sight!

Vanquished Creatures
  2 ogres (D:4)
  A phantom (D:4)
  A necrophage (D:4)
  A scorpion (D:2)
  8 hounds
  An orc priest (D:5)
  A gnoll bouda (D:4)
  3 iguanas
  6 adders
  5 gnolls
  An ufetubus (D:5)
  5 dart slugs
  9 orcs
  4 ball pythons
  8 endoplasms
  2 giant cockroaches
  4 goblins
  7 hobgoblins
  4 jackals
  4 quokkas
  8 bats
  3 frilled lizards
  8 kobolds
  4 rats
100 creatures vanquished.

Vanquished Creatures (others)
  A fungus (D:1)
  2 withered plants (D:5)
3 creatures vanquished.

Grand Total: 103 creatures vanquished

Notes
Turn   | Place    | Note
-------+----------+-------------------------------------------
     0 | D:1      | MacCMillion the Hill Orc Fighter began the quest for the
                  | Orb.
     0 | D:1      | Reached XP level 1. HP: 19/19 MP: 1/1
   243 | D:1      | Reached XP level 2. HP: 25/27 MP: 2/2
   247 | D:1      | Reached skill level 3 in Axes
  1119 | D:2      | Reached XP level 3. HP: 30/33 MP: 3/3
  1285 | D:2      | Found Doang's Armour Boutique.
  1388 | D:2      | Noticed a scorpion
  1396 | D:2      | Killed a scorpion
  1397 | D:2      | Reached skill level 4 in Axes
  1397 | D:2      | Reached XP level 4. HP: 33/40 MP: 4/4
  1516 | D:2      | Found a blossoming altar of Fedhas.
  1959 | D:3      | Reached skill level 5 in Axes
  1959 | D:3      | Reached XP level 5. HP: 46/46 MP: 5/5
  1969 | D:3      | Found a faded altar of an unknown god.
  2052 | D:3      | Identified the +6 dagger of the Vendetta {freeze, Contam
                  | rN+ rCorr}
  2325 | D:3      | Identified the ring "Lautin" {rF+ rC+++ Will- rCorr Int+6}
  2605 | D:3      | Reached skill level 5 in Shields
  2693 | D:4      | Reached skill level 6 in Axes
  2804 | D:4      | Reached XP level 6. HP: 52/52 MP: 6/6
  2834 | D:4      | Identified the +3 whip of the Ghost {vorpal, Str+3}
  3097 | D:4      | Reached skill level 7 in Axes
  3215 | D:4      | Reached skill level 8 in Axes
  3215 | D:4      | Reached XP level 7. HP: 28/58 MP: 7/7
  3516 | D:4      | Reached skill level 9 in Axes
  3803 | D:5      | Entered Level 5 of the Dungeon
  3817 | D:5      | Noticed ChadusMaximus's ghost (amateur DESu)
  3818 | D:5      | Found a runed translucent door.
  3888 | D:5      | Noticed a troll
  3889 | D:5      | Noticed a vampire
  4154 | D:5      | Found a staircase to the Ecumenical Temple.
  4167 | Temple   | Entered the Ecumenical Temple
  4223 | Temple   | Became a worshipper of Makhleb the Destroyer
  4634 | D:5      | Found a white marble altar of Elyvilon.
  4646 | D:5      | Reached XP level 8. HP: 64/67 MP: 8/8
  4731 | D:5      | Reached skill level 5 in Fighting
  4758 | D:5      | Noticed a yak
  4864 | D:4      | Killed from afar by a vampire

Illustrated notes

Levels and vault maps discovered:
D:1:      dpeg_arrival_prison, layout_basic
D:2:      layout_loops_ring, serial_shops, shop_statue, basic_altar
D:3:      layout_loops_ring, basic_ecumenical_altar
D:4:      minmay_octagon_keep, layout_rooms
D:5:      cheibrodos_fzero, layout_basic, elyvilon_altar_1,
          minmay_temple_entry_statues_fountains, gammafunk_ghost_grave
Temple:   hellmonk_temple_of_storms

Skill      XL: |  1  2  3  4  5  6  7  8 |
---------------+-------------------------+-----
Axes           | 3 4 5 6 8 9 |  9.7
Shields        | 4 5 |  5.0
Fighting       | 4 5 |  5.0
Armour         | 4 |  4.9

Action                   |  1- 3 |  4- 6 |  7- 9 || total
-------------------------+-------+-------+-------++-------
Melee: War axe           |    74 |   146 |    95 ||   315
Throw: Dart              |       |     5 |     7 ||    12
       Boomerang         |       |       |     2 ||     2
  Use: Potion            |     1 |       |     1 ||     2
       Scroll            |       |       |     8 ||     8
Armor: Scale mail        |    35 |    12 |       ||    47
       Chain mail        |       |    35 |       ||    35
       Plate armour      |       |    33 |    62 ||    95
Dodge: Dodged            |    38 |    59 |    31 ||   128
Block: Buckler           |    12 |    23 |    18 ||    53
